 Dungeon Crawl Stone Soup version 0.28.0-53-g5a82cb258f (webtiles) character file.

Game seed: 872503603097782151

67 Ashen the Chiller (level 4, -3/32 HPs)
             Began as a Demonspawn Ice Elementalist on July 13, 2022.
             Slain by a gnoll
             ... wielding a +0 halberd
              (6 damage)
             ... on level 2 of the Dungeon.
             The game lasted 00:03:04 (2331 turns).

Ashen the Chiller (Demonspawn Ice Elementalist)     Turns: 2331, Time: 00:03:06

Health: -3/32      AC:  2    Str:  9    XL:     4   Next: 0%
Magic:  4/7        EV: 12    Int: 18    God:
Gold:   57         SH:  0    Dex: 13    Spells: 6/7 levels left

rFire   . . .      SeeInvis .   h - +1 whip (venom)
rCold   . . .      Faith    .   (no shield)
rNeg    . . .      Spirit   .   a - +0 robe
rPois   .          Reflect  .   (no helmet)
rElec   .          Harm     .   (no cloak)
rCorr   .          Rampage  .   (no gloves)
Will    .....                   (no boots)
Stlth   ++........              (no amulet)
HPRegen 0.10/turn               (no ring)
MPRegen 0.20/turn               (no ring)

@: no status effects
A: magic regeneration, weakness stinger 1
a: no special abilities


You were on level 2 of the Dungeon.
You visited 1 branch of the dungeon, and saw 4 of its levels.

You collected 57 gold pieces.

Inventory:

Hand Weapons
 h - a +1 whip of venom (weapon)
Armour
 a - a +0 robe (worn)
 d - a +0 leather armour
Scrolls
 b - a scroll of torment {unknown}
 e - a scroll of enchant armour {unknown}
Potions
 c - 2 potions of mutation {unknown}
 f - a potion of brilliance {unknown}
 g - a potion of flight {unknown}


   Skills:
 + Level 1.3 Fighting
 + Level 2.3 Dodging
 + Level 2.4 Stealth
 + Level 2.4 Spellcasting
 + Level 4.0 Ice Magic


You had 6 spell levels left.
You knew the following spells:

 Your Spells              Type           Power      Damage    Failure   Level
a - Freeze                Ice            64%        1d8       3%          1

Your spell library contained the following spells:

 Spells                   Type           Power      Damage    Failure   Level
 Frozen Ramparts          Ice            32%        1d5       10%         3
 Ozocubu's Armour         Ice            16%        N/A       10%         3
 Hailstorm                Conj/Ice       9%         3d4       58%         4


Dungeon Overview and Level Annotations

Branches:
Dungeon (4/15)
 Temple: D:4-7

Altars:


Innate Abilities, Weirdness & Mutations

You regenerate magic rapidly.
You have a small tail.


Message History

There is a stone staircase leading down here.
There are monsters nearby!
A gnoll comes into view. It is wielding a +0 halberd.
A hobgoblin comes into view.
A gnoll comes into view. It is wielding a +0 spear.
The hobgoblin shouts!
The gnoll shouts! x2
The goblin barely misses you. The gnoll hits you with a +0 halberd!
Ouch! That really hurt!
An endoplasm comes into view.
The endoplasm quivers.
You are too injured to fight recklessly!
The gnoll barely misses you. The goblin closely misses you.
A quokka comes into view.
The gnoll hits you from afar with a +0 spear!
* * * LOW HITPOINT WARNING * * *
There is a stone staircase leading down here.
Casting: Freeze (safe; 3% risk of failure)
Confirm with . or Enter, or press ? or * to list all spells.
You can't see any susceptible monsters within range! (Use Z to cast anyway.) Unknown command.
Casting: Freeze (safe; 3% risk of failure)
Confirm with . or Enter, or press ? or * to list all spells.
Aiming: Freeze (safe; 3% risk of failure)
Press: ? - help, Shift-Dir - straight line, f - goblin
Aim: a goblin, wielding a +0 dagger You freeze the goblin.
You kill the goblin!
The gnoll misses you.
Your Ice Magic skill increases to level 4!
You have reached level 4!
You feel stronger.
Casting: Freeze (safe; 3% risk of failure)
Confirm with . or Enter, or press ? or * to list all spells.
Aiming: Freeze (safe; 3% risk of failure)
Press: ? - help, Shift-Dir - straight line, f - giant cockroach
Aim: a giant cockroach You freeze the giant cockroach!
You kill the giant cockroach!
The gnoll hits you from afar with a +0 halberd.
You die...

. .. ### ... #@#
.... #>##..... .
##gr..#
....###gJ###.r.#
♣.......g....#.#
♣.##........##
♣........#.J...
♣........##...#
♣.##.###.. .....


You could see 2 gnolls, an endoplasm, a quokka and a hobgoblin.

Vanquished Creatures
  An iguana (D:3)
  A dart slug (D:1)
  4 bats (D:1)
  3 endoplasms (D:1)
  2 giant cockroaches
  5 goblins
  2 hobgoblins (D:1)
  2 quokkas
  4 ball pythons
  2 frilled lizards (D:1)
  7 kobolds
  6 rats (D:1)
39 creatures vanquished.

Vanquished Creatures (others)
  A plant (D:2)
1 creature vanquished.

Grand Total: 40 creatures vanquished

Notes
Turn   | Place    | Note
-------+----------+-------------------------------------------
     0 | D:1      | Ashen the Demonspawn Ice Elementalist began the quest for
                  | the Orb.
     0 | D:1      | Reached XP level 1. HP: 13/13 MP: 3/3
   502 | D:1      | Gained mutation: You have a small tail. [demonic ancestry]
   502 | D:1      | Reached XP level 2. HP: 18/20 MP: 3/5
  1480 | D:1      | Reached skill level 1 in Fighting
  1480 | D:1      | Gained mutation: You regenerate magic rapidly. [demonic
                  | ancestry]
  1480 | D:1      | Reached XP level 3. HP: 23/26 MP: 4/6
  1995 | D:2      | You fall into a shaft and drop 2 floors!
  2331 | D:2      | Reached skill level 4 in Ice Magic
  2331 | D:2      | Reached XP level 4. HP: 3/32 MP: 5/7
  2331 | D:2      | Slain by a gnoll

Illustrated notes

Levels and vault maps discovered:
D:1:      dpeg_arrival_signposts, layout_loops_corners, minmay_misc_feat_rugged,
          minmay_ruptured
D:2:      layout_rooms, basic_ecumenical_altar, serial_forest,
          infiniplex_forest_3_way, infiniplex_forest_clump_tiny,
          infiniplex_forest_zigzag_1, infiniplex_forest_3_way,
          infiniplex_forest_zigzag_1, infiniplex_forest_end_2,
          infiniplex_forest_lined_3, infiniplex_forest_clump_medium
D:3:      layout_rooms, nemelex_dance_club_becter, dk_noncrumbling_4,
          uniq_natasha
D:4:      layout_cave_pools, serial_shops, nicolae_shop_advertising_works
          [nicolae_subvault_shop_adworks], serial_park, serial_park_tiny_2,
          serial_park_square3 [serial_park_minivault_5x5_2], serial_park_gazebo
          [serial_park_minivault_5x5_4], serial_park_avenue1,
          serial_park_square1 [serial_park_minivault_5x5_2]

Skill      XL: |  1  2  3 |
---------------+----------+-----
Stealth        | 2 |  2.4
Dodging        | 2 |  2.3
Fighting       | 1 |  1.3
Ice Magic      | 4 |  4.0
Spellcasting   | |  2.4

Action                   |  1- 3 |  4- 6 || total
-------------------------+-------+-------++-------
Melee: Unarmed           |    43 |       ||    43
       Tailslap          |     7 |       ||     7
       Punch             |     1 |       ||     1
       Whip              |    13 |       ||    13
 Cast: Freeze            |    35 |     1 ||    36
 Stab: Sleeping          |     2 |       ||     2
Armor: Robe              |    15 |       ||    15
Dodge: Dodged            |    59 |       ||    59
